Warning! The script has encountered some errors when parsing the replay. Please report them to the . » details
0x00, prev: 0x16: 16 02 02 00 C6 86 00 00 C1 EF 08 00 D0 7F 00 00 4F 14 01 00 [00] 00 00 00 00 00 00 00 00 00 00 00 00 00 00 00 00 00 00 00 00 00 00 00 01 00
0x00, prev: 0x00: 16 02 02 00 C6 86 00 00 C1 EF 08 00 D0 7F 00 00 4F 14 01 00 00 00 00 00 00 00 00 00 00 00 00 00 00 00 00 00 00 00 00 00 00 00 [00] 00 01 00
0x0B, prev: 0x00: 16 02 03 00 D0 7F 00 00 4F 14 01 00 3D A4 00 00 8F B1 0A 00 84 A7 00 00 AD 11 09 00 00 00 00 00 00 00 00 00 00 00 00 00 00 00 00 00 00 00 00 00 00 00 00 00 [0B] 00 02 66 00 16 02 09 00 AF 82 00 00 BA 12 01 00 D1 15 00 00 F6 CC 0C 00 56 88 00 00 40 2B 0B 00 93 8B 00 00 69 2B 0B 00 F8 8C 00 00 CD AA 0C 00 52 9E 00 00 21 CD 0C 00 82 A7 00 00 D7 1A 0C 00 C1 A7 00 00 AE 1A 0C 00 5A A8 00 00 F8 AA 0C 00 16 01 01 00 B2 8B 00 00 CC 2D 02 00 1A 19 72 6F 66 6F B2 8B 00 00 CC 2D 02 00 05 0F 00 10 42 00 61 65 70 68 FF FF FF FF FF FF FF FF 05 0F 00 10 42 00 61 65 70 68 FF FF FF FF FF FF FF FF 03 30 00 12 00 00 03 00 0D 00 FF FF FF FF FF FF FF FF D4 11 51 C5 C4 9C 5D C5 FF FF FF FF FF FF FF FF 18 01 03 1A 19 6D 6C 62 48 A2 83 00 00 34 03 05 00 03 11 00 18 02 03 1A 19 6E 72 62 4E 3D 15 00 00 53 C3 06 00
0x00, prev: 0x01: 16 02 02 00 C6 86 00 00 C1 EF 08 00 D0 7F 00 00 4F 14 01 00 00 00 00 00 00 00 00 00 00 00 00 00 00 00 00 00 00 00 00 00 00 00 00 00 01 [00]
General information
- name: BNet
- type: Ladder team game (AT/RT)
- host: Battle.net
- saver: Gobiner
map: UpperKingdom
- players: 6
- length: 80:54
- speed: Fast
- version: 1.23 W3XP
- replay type: Public
» download(582 KB)
Players
team 1 (winner)
Gobiner (
yellow | 64 APM | 3272 actions | 51:12)
8 Blademaster
3 Wind Walk
3 Critical Strike
1 Bladestorm
1 Mirror Image
» actions
| Assign group hotkey | 7 | |
| Basic commands | 102 | |
| Build / train | 122 | |
| ESC pressed | 16 | |
| Enter build submenu | 94 | |
| Enter hero's abilities submenu | 9 | |
| Give item / drop item | 9 | |
| Right click | 1458 | |
| Select / deselect | 504 | |
| Select group hotkey | 646 | |
| Use ability | 305 | |
3272 total
» units
» upgrades
| Spiked Barricades | 1 | |
| Liquid Fire | 1 | |
| Ranged Weapons | 3 | |
| Reinforced Defenses | 1 | |
| Armor | 1 | |
7 total
» buildings
| Altar of Storms | 2 | |
| Orc Burrow | 10 | |
| War Mill | 3 | |
| Watch Tower | 65 | |
| Voodoo Lounge | 2 | |
| Stronghold | 3 | |
| Fortress | 4 | |
| Beastiary | 6 | |
| Great Hall | 9 | |
| Barracks | 1 | |
105 total
» build order
00:07 Altar of Storms
00:16 Orc Burrow
00:32 War Mill
01:25 Orc Burrow
01:50 Watch Tower
02:19 Watch Tower
02:29 Voodoo Lounge
02:58 Watch Tower
03:09 Watch Tower
04:09 Watch Tower
04:40 Watch Tower
04:41 Watch Tower
04:45 Stronghold
05:13 Watch Tower
05:16 Watch Tower
05:47 Watch Tower
06:03 Watch Tower
06:06 Watch Tower
07:05 Watch Tower
07:06 Fortress
07:06 Fortress
07:16 Watch Tower
07:24 Orc Burrow
07:25 Orc Burrow
07:31 Beastiary
07:33 Beastiary
09:23 Watch Tower
09:43 Watch Tower
09:45 Watch Tower
14:10 Watch Tower
14:59 Voodoo Lounge
16:27 Watch Tower
16:28 Watch Tower
16:59 Watch Tower
17:00 Watch Tower
17:00 Watch Tower
19:11 Watch Tower
19:13 Watch Tower
19:53 Watch Tower
19:53 Watch Tower
19:54 Watch Tower
19:55 Watch Tower
20:05 Watch Tower
20:06 Watch Tower
20:54 Great Hall
21:08 Watch Tower
21:46 Watch Tower
21:52 Watch Tower
21:53 Watch Tower
21:54 Watch Tower
21:55 Watch Tower
22:18 Watch Tower
22:19 Watch Tower
22:20 Watch Tower
22:21 Watch Tower
22:22 Watch Tower
22:23 Watch Tower
23:00 Watch Tower
23:25 Watch Tower
23:26 Watch Tower
23:27 Watch Tower
23:27 Watch Tower
25:28 Watch Tower
25:30 Watch Tower
25:31 Watch Tower
27:14 Beastiary
27:14 Beastiary
28:08 Altar of Storms
28:11 Orc Burrow
28:12 Orc Burrow
28:31 Orc Burrow
28:32 Orc Burrow
29:35 War Mill
30:48 Watch Tower
30:49 Watch Tower
30:49 Watch Tower
31:17 Watch Tower
33:24 War Mill
33:29 Orc Burrow
33:32 Orc Burrow
36:10 Great Hall
42:51 Stronghold
43:29 Great Hall
45:16 Watch Tower
45:53 Great Hall
47:47 Watch Tower
48:30 Great Hall
48:46 Watch Tower
49:20 Watch Tower
49:41 Watch Tower
50:06 Great Hall
51:12 Great Hall
» items
| Lesser Clarity Potion | 5 | |
| Healing Salve | 3 | |
| Orb of Lightning | 1 | |
| Tiny Great Hall | 1 | |
| Scroll of Town Portal | 1 | |
11 total
kunt.roII (
green | 206 APM | 10550 actions | 51:12)
7 Archmage
3 Blizzard
2 Brilliance Aura
1 Mass Teleport
1 Summon Water Elemental
6 Blood Mage
3 Flame Strike
1 Siphon Mana
1 Banish
1 Summon Phoenix
6 Dark Ranger
3 Silence
2 Life Drain
1 Charm
» actions
| Assign group hotkey | 48 | |
| Basic commands | 248 | |
| Build / train | 220 | |
| ESC pressed | 11 | |
| Enter build submenu | 112 | |
| Enter hero's abilities submenu | 25 | |
| Give item / drop item | 11 | |
| Right click | 4605 | |
| Select / deselect | 643 | |
| Select group hotkey | 4008 | |
| Use ability | 619 | |
10550 total
» units
| Peasant | 55 | |
| Sorceress | 8 | |
| Priest | 10 | |
| Magnataur Warrior | 3 | |
| Polar Furbolg Shaman | 1 | |
77 total
» upgrades
| Masonry | 3 | |
| Magic Sentry | 1 | |
| Sorceress Training | 3 | |
| Priest Training | 2 | |
| Lumber Harvesting | 1 | |
10 total
» buildings
| Altar of Kings | 1 | |
| Farm | 6 | |
| Lumber Mill | 1 | |
| Scout Tower | 135 | |
| Arcane Tower | 11 | |
| Arcane Vault | 1 | |
| Guard Tower | 55 | |
| Keep | 3 | |
| Castle | 2 | |
| Arcane Sanctum | 1 | |
| Town Hall | 6 | |
| Gryphon Aviary | 1 | |
223 total
» build order
00:10 Altar of Kings
00:23 Farm
00:54 Farm
01:01 Lumber Mill
01:09 Scout Tower
01:16 Farm
01:54 Arcane Tower
01:54 Arcane Tower
01:55 Arcane Tower
02:09 Arcane Vault
02:21 Farm
02:30 Scout Tower
03:03 Scout Tower
03:03 Scout Tower
03:05 Guard Tower
03:05 Guard Tower
03:10 Scout Tower
03:17 Scout Tower
04:09 Guard Tower
04:41 Keep
04:42 Keep
06:24 Scout Tower
06:25 Scout Tower
06:26 Scout Tower
07:10 Guard Tower
07:24 Scout Tower
07:25 Scout Tower
07:25 Scout Tower
07:38 Castle
07:38 Castle
07:44 Arcane Sanctum
07:58 Guard Tower
07:58 Guard Tower
07:58 Guard Tower
08:14 Farm
10:34 Farm
11:39 Scout Tower
11:39 Scout Tower
11:40 Scout Tower
12:38 Guard Tower
12:38 Guard Tower
12:56 Guard Tower
12:58 Scout Tower
12:59 Scout Tower
13:00 Scout Tower
13:00 Scout Tower
13:00 Scout Tower
13:51 Scout Tower
13:52 Scout Tower
13:53 Guard Tower
13:54 Guard Tower
14:54 Scout Tower
14:54 Scout Tower
14:55 Guard Tower
14:55 Guard Tower
18:39 Scout Tower
18:40 Scout Tower
18:40 Scout Tower
18:41 Scout Tower
18:41 Scout Tower
18:42 Guard Tower
18:53 Scout Tower
18:54 Scout Tower
18:55 Scout Tower
19:20 Scout Tower
19:21 Scout Tower
19:21 Scout Tower
19:49 Scout Tower
19:53 Guard Tower
19:53 Guard Tower
22:44 Scout Tower
22:45 Scout Tower
22:48 Scout Tower
22:50 Scout Tower
22:51 Scout Tower
22:54 Scout Tower
23:04 Scout Tower
23:04 Scout Tower
23:06 Scout Tower
23:07 Scout Tower
23:07 Scout Tower
23:20 Guard Tower
23:20 Guard Tower
23:22 Scout Tower
23:23 Scout Tower
23:23 Scout Tower
23:24 Scout Tower
23:31 Arcane Tower
23:32 Arcane Tower
23:54 Guard Tower
23:54 Guard Tower
25:37 Scout Tower
25:40 Town Hall
26:25 Guard Tower
26:25 Guard Tower
28:01 Scout Tower
28:01 Scout Tower
28:02 Scout Tower
28:34 Guard Tower
28:38 Scout Tower
28:39 Scout Tower
28:40 Scout Tower
28:46 Scout Tower
28:46 Scout Tower
29:33 Guard Tower
37:41 Scout Tower
37:42 Scout Tower
37:43 Scout Tower
37:44 Scout Tower
37:44 Scout Tower
37:45 Scout Tower
37:46 Scout Tower
37:46 Scout Tower
38:01 Scout Tower
38:01 Scout Tower
38:02 Scout Tower
38:24 Guard Tower
38:24 Guard Tower
38:31 Arcane Tower
38:35 Guard Tower
38:36 Scout Tower
38:37 Scout Tower
38:41 Guard Tower
39:04 Arcane Tower
41:21 Town Hall
41:30 Town Hall
41:49 Guard Tower
41:49 Guard Tower
43:26 Scout Tower
43:27 Scout Tower
44:00 Scout Tower
44:01 Scout Tower
44:01 Scout Tower
44:02 Scout Tower
45:15 Guard Tower
45:15 Guard Tower
45:20 Scout Tower
45:20 Scout Tower
45:21 Scout Tower
45:29 Scout Tower
45:30 Scout Tower
47:13 Scout Tower
47:14 Scout Tower
47:14 Guard Tower
47:15 Guard Tower
47:48 Scout Tower
48:03 Guard Tower
48:03 Guard Tower
48:36 Guard Tower
48:37 Guard Tower
48:44 Scout Tower
48:44 Scout Tower
49:01 Town Hall
49:13 Scout Tower
49:13 Scout Tower
49:54 Guard Tower
49:55 Guard Tower
50:20 Scout Tower
50:20 Scout Tower
50:23 Scout Tower
50:23 Scout Tower
51:12 Scout Tower
» items
| Lesser Clarity Potion | 5 | |
| Scroll of Regeneration | 3 | |
| Mechanical Critter | 1 | |
| Potion of Healing | 3 | |
| Staff of Sanctuary | 3 | |
| Scroll of Town Portal | 8 | |
| Orb of Lightning | 2 | |
| Scroll of Speed | 1 | |
| Orb of Fire | 2 | |
| Potion of Mana | 1 | |
| Ivory Tower | 1 | |
30 total
MrFrosty (
pink | 119 APM | 6083 actions | 51:12)
7 Archmage
3 Blizzard
3 Brilliance Aura
1 Mass Teleport
7 Mountain King
3 Storm Bolt
2 Thunder Clap
1 Avatar
1 Bash
6 Paladin
3 Divine Shield
3 Holy Light
» actions
| Assign group hotkey | 14 | |
| Basic commands | 18 | |
| Build / train | 113 | |
| ESC pressed | 1 | |
| Enter build submenu | 46 | |
| Enter hero's abilities submenu | 23 | |
| Give item / drop item | 10 | |
| Remove unit from queue | 3 | |
| Right click | 3802 | |
| Select / deselect | 1267 | |
| Select group hotkey | 433 | |
| Use ability | 353 | |
6083 total
» units
| Peasant | 34 | |
| Polar Furbolg Shaman | 1 | |
| Blue Dragonspawn Meddler | 1 | |
| Barbed Arachnathid | 2 | |
| Magnataur Warrior | 1 | |
| Priest | 4 | |
43 total
» upgrades
| Masonry | 3 | |
| Lumber Harvesting | 2 | |
| Magic Sentry | 1 | |
| Sorceress Training | 1 | |
| Priest Training | 1 | |
8 total
» buildings
| Altar of Kings | 2 | |
| Farm | 11 | |
| Scout Tower | 25 | |
| Lumber Mill | 1 | |
| Arcane Tower | 6 | |
| Guard Tower | 9 | |
| Keep | 1 | |
| Arcane Sanctum | 1 | |
| Castle | 1 | |
| Arcane Vault | 1 | |
| Town Hall | 3 | |
61 total
» build order
00:07 Altar of Kings
00:19 Farm
00:22 Scout Tower
00:29 Lumber Mill
00:51 Arcane Tower
01:22 Farm
01:30 Scout Tower
02:07 Guard Tower
02:33 Scout Tower
03:03 Scout Tower
03:11 Arcane Tower
03:49 Arcane Tower
03:51 Keep
04:19 Scout Tower
04:21 Scout Tower
04:36 Farm
04:41 Scout Tower
04:58 Farm
05:14 Guard Tower
05:17 Arcane Tower
05:18 Scout Tower
05:26 Scout Tower
06:27 Guard Tower
06:31 Arcane Sanctum
06:36 Scout Tower
06:37 Guard Tower
06:42 Scout Tower
06:43 Scout Tower
06:44 Scout Tower
07:38 Guard Tower
07:41 Guard Tower
07:45 Guard Tower
11:02 Scout Tower
11:21 Castle
11:26 Scout Tower
11:27 Scout Tower
11:28 Scout Tower
11:28 Scout Tower
12:10 Arcane Tower
12:47 Farm
13:12 Guard Tower
13:17 Farm
13:52 Arcane Vault
13:56 Town Hall
14:00 Scout Tower
14:00 Scout Tower
14:02 Scout Tower
14:05 Scout Tower
14:13 Arcane Tower
14:42 Scout Tower
14:44 Scout Tower
14:45 Scout Tower
16:16 Guard Tower
17:54 Altar of Kings
18:32 Farm
18:33 Farm
18:59 Farm
19:00 Farm
19:22 Farm
20:46 Town Hall
24:29 Town Hall
» items
| Healing Salve | 3 | |
| Potion of Healing | 4 | |
| Scroll of Town Portal | 2 | |
| Orb of Lightning | 3 | |
| Staff of Sanctuary | 3 | |
15 total
team 2 (loser)
kj1 (
orange | 111 APM | 5689 actions | 51:12)
7 Far Seer
3 Feral Spirit
3 Chain Lighting
1 Earth Quake
6 Shadow Hunter
2 Hex
3 Healing Wave
1 Big Bad Voodoo
» actions
| Assign group hotkey | 78 | |
| Basic commands | 1095 | |
| Build / train | 128 | |
| ESC pressed | 6 | |
| Enter build submenu | 60 | |
| Enter hero's abilities submenu | 13 | |
| Give item / drop item | 1 | |
| Remove unit from queue | 7 | |
| Right click | 1776 | |
| Select / deselect | 1226 | |
| Select group hotkey | 1055 | |
| Use ability | 244 | |
5689 total
» units
| Peon | 26 | |
| Grunt | 4 | |
| Troll Headhunter/Berserker | 35 | |
| Demolisher | 11 | |
| Spirit Walker | 2 | |
| Tauren | 3 | |
| Peasant | 1 | |
82 total
» upgrades
| Ranged Weapons | 3 | |
| Troll Regeneration | 1 | |
| Berserker Upgrade | 1 | |
| Armor | 2 | |
| Reinforced Defenses | 1 | |
| Burning Oil | 1 | |
| Pulverize | 1 | |
10 total
» buildings
| Altar of Storms | 2 | |
| Orc Burrow | 7 | |
| Barracks | 3 | |
| Voodoo Lounge | 1 | |
| Stronghold | 1 | |
| War Mill | 1 | |
| Fortress | 1 | |
| Watch Tower | 30 | |
| Beastiary | 1 | |
| Spirit Lodge | 1 | |
| Great Hall | 2 | |
| Tauren Totem | 3 | |
| Farm | 1 | |
54 total
» build order
00:08 Altar of Storms
00:19 Orc Burrow
00:34 Barracks
01:28 Orc Burrow
02:31 Voodoo Lounge
03:03 Stronghold
04:13 Orc Burrow
04:18 Orc Burrow
04:22 War Mill
04:47 Barracks
05:35 Fortress
08:59 Orc Burrow
09:02 Orc Burrow
11:09 Watch Tower
11:12 Watch Tower
11:15 Watch Tower
11:17 Watch Tower
11:20 Watch Tower
11:27 Watch Tower
11:55 Beastiary
14:21 Orc Burrow
22:30 Barracks
23:22 Spirit Lodge
31:03 Watch Tower
31:05 Watch Tower
31:19 Watch Tower
31:22 Watch Tower
31:25 Watch Tower
32:22 Great Hall
32:28 Watch Tower
33:15 Watch Tower
33:16 Watch Tower
33:19 Watch Tower
36:09 Watch Tower
37:25 Watch Tower
37:35 Watch Tower
37:44 Watch Tower
37:47 Watch Tower
37:49 Watch Tower
37:51 Watch Tower
38:14 Watch Tower
38:18 Watch Tower
47:21 Altar of Storms
47:41 Watch Tower
47:42 Watch Tower
51:12 Farm
» items
| Healing Salve | 1 | |
| Tiny Great Hall | 1 | |
| Orb of Lightning | 1 | |
| Scroll of Speed | 2 | |
| Potion of Healing | 4 | |
| Potion of Mana | 2 | |
| Lesser Clarity Potion | 1 | |
12 total
lleytonhewitt (
teal | 110 APM | 5648 actions | 51:12)
7 Archmage
3 Summon Water Elemental
3 Brilliance Aura
1 Mass Teleport
5 Mountain King
3 Storm Bolt
2 Bash
4 Paladin
2 Holy Light
2 Divine Shield
» actions
| Assign group hotkey | 11 | |
| Basic commands | 1085 | |
| Build / train | 187 | |
| Enter build submenu | 84 | |
| Enter hero's abilities submenu | 16 | |
| Give item / drop item | 3 | |
| Remove unit from queue | 1 | |
| Right click | 2178 | |
| Select / deselect | 1560 | |
| Select group hotkey | 150 | |
| Use ability | 372 | |
5648 total
» units
| Peasant | 23 | |
| Footman | 19 | |
| Flying Machine | 7 | |
| Mortar Team | 5 | |
| Siege Engine | 3 | |
| Knight | 2 | |
| Dragonhawk Rider | 17 | |
| Gryphon Rider | 6 | |
82 total
» upgrades
| Defend | 1 | |
| Masonry | 3 | |
| Plating | 1 | |
| Gunpowder | 3 | |
| Fragmentation Shards | 1 | |
| Flak Cannons | 1 | |
| Barrage | 1 | |
| Cloud | 1 | |
| Storm Hammers | 1 | |
| Armor | 2 | |
| Magic Sentry | 1 | |
16 total
» buildings
| Altar of Kings | 1 | |
| Farm | 15 | |
| Barracks | 2 | |
| Scout Tower | 46 | |
| Lumber Mill | 1 | |
| Arcane Tower | 6 | |
| Arcane Vault | 4 | |
| Guard Tower | 22 | |
| Blacksmith | 1 | |
| Keep | 4 | |
| Workshop | 3 | |
| Gryphon Aviary | 2 | |
| Town Hall | 3 | |
| Castle | 1 | |
| Cannon Tower | 3 | |
| Arcane Sanctum | 1 | |
115 total
» build order
00:07 Altar of Kings
00:08 Farm
00:37 Barracks
01:14 Farm
01:27 Scout Tower
02:24 Farm
02:58 Lumber Mill
03:05 Arcane Tower
04:00 Barracks
04:02 Farm
04:14 Arcane Vault
05:09 Scout Tower
05:10 Scout Tower
05:11 Scout Tower
05:39 Guard Tower
05:42 Farm
06:08 Blacksmith
06:15 Farm
06:36 Guard Tower
07:42 Keep
07:42 Keep
07:42 Keep
09:11 Scout Tower
09:12 Scout Tower
09:15 Scout Tower
09:15 Scout Tower
09:16 Scout Tower
09:17 Scout Tower
09:17 Scout Tower
09:19 Scout Tower
09:20 Scout Tower
10:00 Guard Tower
10:23 Guard Tower
11:07 Workshop
11:09 Workshop
11:29 Gryphon Aviary
12:20 Town Hall
13:08 Castle
14:19 Guard Tower
14:36 Farm
14:54 Scout Tower
14:56 Scout Tower
15:30 Scout Tower
15:31 Scout Tower
15:33 Guard Tower
16:11 Guard Tower
17:43 Farm
17:45 Workshop
18:25 Gryphon Aviary
18:51 Scout Tower
19:09 Scout Tower
19:21 Guard Tower
19:53 Farm
21:23 Cannon Tower
21:24 Cannon Tower
22:42 Scout Tower
22:43 Guard Tower
23:30 Scout Tower
23:45 Farm
25:33 Guard Tower
26:20 Farm
27:23 Cannon Tower
28:11 Scout Tower
28:19 Scout Tower
28:39 Town Hall
30:47 Scout Tower
30:48 Scout Tower
30:49 Scout Tower
31:23 Scout Tower
31:23 Scout Tower
31:48 Guard Tower
31:56 Scout Tower
31:57 Scout Tower
31:58 Guard Tower
32:42 Guard Tower
33:17 Scout Tower
33:17 Scout Tower
33:27 Scout Tower
34:03 Farm
35:12 Arcane Tower
35:13 Scout Tower
35:25 Guard Tower
35:44 Guard Tower
35:45 Arcane Vault
35:56 Farm
37:21 Arcane Tower
37:25 Arcane Vault
38:28 Scout Tower
39:00 Guard Tower
39:01 Farm
41:03 Town Hall
47:51 Arcane Sanctum
48:56 Scout Tower
49:03 Arcane Tower
49:13 Arcane Tower
49:14 Guard Tower
49:27 Guard Tower
50:43 Farm
51:12 Guard Tower
» items
| Lesser Clarity Potion | 1 | |
| Scroll of Regeneration | 1 | |
| Ivory Tower | 13 | |
| Orb of Lightning | 6 | |
| Potion of Healing | 7 | |
| Potion of Mana | 2 | |
| Tiny Great Hall | 2 | |
32 total
Saitek- (
red | 180 APM | 9219 actions | 51:12)
6 Keeper of the Grove
3 Entangling Roots
2 Thorns Aura
1 Tranquility
4 Priestess of the Moon
2 Searing Arrows
2 Trueshot Aura
» actions
| Assign group hotkey | 65 | |
| Basic commands | 27 | |
| Build / train | 102 | |
| Enter build submenu | 44 | |
| Enter hero's abilities submenu | 10 | |
| Remove unit from queue | 1 | |
| Right click | 4134 | |
| Select / deselect | 705 | |
| Select group hotkey | 3972 | |
| Use ability | 159 | |
9219 total
» units
| Wisp | 45 | |
| Huntress | 12 | |
| Chimaera | 16 | |
73 total
» upgrades
| Strength of the Moon | 1 | |
| Moon Armor | 1 | |
| Ultravision | 1 | |
| Corrosive Breath | 1 | |
| Strength of the Wild | 2 | |
| Reinforced Hides | 3 | |
9 total
» buildings
| Altar of Elders | 1 | |
| Moon Well | 7 | |
| Hunter's Hall | 1 | |
| Ancient of War | 1 | |
| Ancient Protector | 17 | |
| Tree of Life | 6 | |
| Tree of Ages | 1 | |
| Ancient of Wind | 1 | |
| Tree of Eternity | 1 | |
| Chimaera Roost | 5 | |
| Ancient of Wonders | 1 | |
42 total
» build order
00:10 Altar of Elders
00:17 Moon Well
01:52 Hunter's Hall
01:56 Ancient of War
02:45 Moon Well
03:08 Ancient Protector
04:00 Ancient Protector
05:10 Ancient Protector
06:18 Tree of Life
06:44 Ancient Protector
07:10 Ancient Protector
07:25 Ancient Protector
07:36 Ancient Protector
11:34 Ancient Protector
11:56 Ancient Protector
12:57 Tree of Ages
13:27 Moon Well
13:31 Ancient Protector
14:04 Ancient Protector
14:10 Ancient Protector
14:32 Ancient Protector
15:26 Ancient Protector
16:35 Ancient of Wind
16:57 Moon Well
18:03 Tree of Eternity
19:19 Moon Well
21:10 Chimaera Roost
21:12 Chimaera Roost
21:14 Chimaera Roost
23:10 Tree of Life
27:31 Chimaera Roost
27:34 Chimaera Roost
27:44 Tree of Life
28:12 Ancient Protector
28:14 Ancient Protector
41:43 Moon Well
41:45 Moon Well
44:26 Tree of Life
44:33 Ancient Protector
48:42 Tree of Life
50:46 Ancient of Wonders
51:12 Tree of Life
» items
| Scroll of Regeneration | 1 | |
| Dust of Appearance | 1 | |
| Potion of Healing | 1 | |
| Staff of Preservation | 1 | |
4 total
Chat log
(00:04 / All) Saitek-: >.<
(00:04 / All) MrFrosty: u rdy?
(00:25 / All) kunt.roII: Soz
(00:29 / All) kunt.roII: cat peed all over my pant leg
(00:41 / All) Saitek-: its k jsut plz dont mass tower
(00:43 / All) Saitek-: its bad manner
(00:47 / All) kunt.roII: ?
(00:52 / All) Gobiner: sorry for last game
(00:58 / All) Gobiner: we're just trying new things :)
(01:31 / All) kunt.roII: HELLOL
(16:07 / All) Saitek-: bad manner
(16:11 / All) kunt.roII: u
(22:10 / All) kunt.roII: Heh
(31:19 / All) Saitek-: LOL
(32:43 / All) Saitek-: lol
(34:10 / Allies) kunt.roII: yes
(36:02 / Allies) Gobiner: lumber
(36:50 / All) Saitek-: can u kill 8 expansions?
(36:52 / All) Saitek-: leave plz
(36:55 / All) kunt.roII: u mad
(36:56 / All) kunt.roII: lol
(36:58 / All) Gobiner: no thx
(37:09 / All) Saitek-: more like annoyed
(37:16 / All) Saitek-: noob shit learn to play
(37:29 / All) kunt.roII: k nice hack lol
(37:34 / All) Gobiner: you first
(37:35 / All) Saitek-: ROFL
(37:51 / All) Saitek-: i dont need to hack against noob like u
(37:56 / Allies) kunt.roII: fucking internet
(37:57 / Allies) kunt.roII: so shitty
(38:49 / Allies) kunt.roII: gg
(42:22 / Allies) kunt.roII: FUCKING
(42:22 / Allies) kunt.roII: LAG
(42:36 / Allies) kunt.roII: worst
(42:38 / Allies) kunt.roII: fucking timeing
(46:00 / Allies) kunt.roII: lag
(46:00 / Allies) kunt.roII: so bad
(46:00 / Allies) kunt.roII: jesus
(51:12 / All) kunt.roII: 2ez